 Dungeon Crawl Stone Soup version 0.29.1-2-gbd0b4ee654 (webtiles) character file.

Game seed: 3549660410691642009

257818 mortz the Fencer (level 19, -25/131 HPs)
             Began as a Gargoyle Monk on Oct 30, 2022.
             Was the Champion of Okawaru.
             Shot with a bolt by a yaktaur captain (29 damage)
             ... on level 2 of the Vaults on Nov 1, 2022.
             The game lasted 05:51:29 (47263 turns).

mortz the Fencer (Gargoyle Monk)                   Turns: 47263, Time: 05:51:29

Health: -25/131    AC: 46    Str: 23    XL:     19   Next: 85%
Magic:  29/29      EV: 12    Int: 13    God:    Okawaru [******]
Gold:   264        SH:  0    Dex: 18    Spells: 18/18 levels left

rFire   + . .      SeeInvis +   a - +9 great sword "Xaigg" {vorpal, rElec rN+ Will+ Str+4}
rCold   + . .      Faith    +   (shield currently unavailable)
rNeg    + + .      Spirit   .   F - +1 plate armour {Will+}
rPois   ∞          Reflect  .   K - +1 helmet {SInv}
rElec   +          Harm     .   Q - scarf {rC+ rF+}
rCorr   .          Rampage  .   s - +2 pair of gloves
Will    +++..      NoCast   +   n - +2 pair of boots of the Wilderness {-Cast +Blink Str+4}
Stlth   ..........              D - amulet of faith
HPRegen 0.31/turn               d - +4 ring of protection
MPRegen 0.21/turn               O - +4 ring of slaying

@: flying, studying 3 skills, invisible
A: sickness immunity, AC +14, big wings, negative energy resistance 1,
electricity resistance, torment resistance 1, petrification resistance
}: 2/15 runes: serpentine, barnacled
a: Renounce Religion, Evoke Blink, Heroism, Finesse, Duel


You were on level 2 of the Vaults.
You worshipped Okawaru.
Okawaru was exalted by your worship.
You visited 7 branches of the dungeon, and saw 33 of its levels.
You also visited: Gauntlet and Ice Cave.

You collected 4149 gold pieces.
You spent 3885 gold pieces at shops.

Inventory:

Hand Weapons
 a - the +9 great sword "Xaigg" (weapon) {vorpal, rElec rN+ Will+ Str+4}
   (Okawaru gifted it to you on level 1 of the Orcish Mines)

   It inflicts extra damage upon your enemies.
   Str:       It affects your strength (+4).
   rElec:     It insulates you from electricity.
   rN:        It protects you from negative energy.
   Will:      It increases your willpower.
 b - a +1 scimitar of flaming
 C - a +5 triple sword of freezing
 I - the +6 triple sword of the Owl {vorpal, rPois rC+ Str+4}
   (Okawaru gifted it to you on level 4 of the Shoals)

   It inflicts extra damage upon your enemies.
   Str:       It affects your strength (+4).
   rC:        It protects you from cold.
   rPois:     It protects you from poison.
 P - the +11 great sword of Lohint {freeze, rN+ Str+3}
   (Okawaru gifted it to you on level 4 of the Snake Pit)

   It freezes those it strikes, dealing additional cold damage.
   It can also slow down cold-blooded creatures.
   Str:       It affects your strength (+3).
   rN:        It protects you from negative energy.
Missiles
 k - 7 boomerangs of dispersal
 l - 20 atropa-tipped darts
 m - 14 silver javelins
 r - 23 poisoned darts
 t - 7 curare-tipped darts
 z - 3 silver boomerangs
 W - 15 javelins (quivered)
Armour
 f - a +2 plate armour of cold resistance
 n - the +2 pair of boots of the Wilderness (worn) {-Cast +Blink Str+4}
   (You found it on level 3 of the Shoals)

   Str:       It affects your strength (+4).
   +Blink:    It lets you blink.
   -Cast:     It prevents spellcasting.
 s - a +2 pair of gloves (worn)
 F - a +1 plate armour of willpower (worn)
 K - a +1 helmet of see invisible (worn)
 Q - a scarf of resistance (worn)
 R - the +2 chain mail of Grace {Regen+ Str+7}
   (Okawaru gifted it to you on level 5 of the Lair of Beasts)

   Str:       It affects your strength (+7).
   Regen:     It increases your rate of health regeneration.
Jewellery
 d - a +4 ring of protection (left hand)
 e - a ring of protection from fire
 D - an amulet of faith (around neck)
 M - a +6 ring of strength
 O - a +4 ring of slaying (right hand)
 T - a ring of positive energy
 Z - a ring of ice
Wands
 g - a wand of quicksilver (11)
 i - a wand of digging (15)
 x - a wand of polymorph (9)
 H - a wand of flame (79)
 U - a wand of mindburst (29)
 Y - a wand of roots (32)
Scrolls
 h - 9 scrolls of identify
 q - 15 scrolls of teleportation
 u - a scroll of enchant weapon
 E - a scroll of poison
 G - 5 scrolls of silence
 L - 5 scrolls of magic mapping
 S - 4 scrolls of fear
Potions
 c - 2 potions of ambrosia
 j - 6 potions of might
 o - 5 potions of attraction
 p - 6 potions of haste
 v - 8 potions of curing
 w - 5 potions of cancellation
 y - 4 potions of resistance
 A - a potion of magic
 B - 4 potions of berserk rage
 N - 3 potions of brilliance
 V - 3 potions of invisibility
 X - 5 potions of heal wounds


   Skills:
 + Level 18.4 Fighting
 + Level 20.1 Long Blades
 - Level 5.0 Throwing
 + Level 15.9 Armour
 + Level 8.5 Dodging
 + Level 5.4 Stealth
 + Level 0.7 Shields
 + Level 14.3 Invocations
 * Level 6.9 Evocations


You had 18 spell levels left.
You didn't know any spells.
Your spell library contained the following spells:

 Spells                   Type           Power      Damage    Failure   Level
 Magic Dart               Conj           0%         1d3       94%         1
 Sting                    Tmut/Pois      0%         1d3       94%         1
 Ensorcelled Hibernation  Hex/Ice        0%         N/A       98%         2
 Passwall                 Tmut/Erth      0%         N/A       98%         2
 Poisonous Vapours        Pois/Air       0%         N/A       98%         2
 Searing Ray              Conj           0%         2d4       98%         2
 Conjure Flame            Conj/Fire      0%         6-21      100%        3
 Gell's Gravitas          Tloc           0%         N/A       100%        3
 Ignite Poison            Fire/Tmut/Pois 0%         N/A       100%        3
 Lesser Beckoning         Tloc           0%         N/A       100%        3
 Mephitic Cloud           Conj/Pois/Air  0%         N/A       100%        3
 Stone Arrow              Conj/Erth      0%         3d7       100%        3
 Swiftness                Air            0%         N/A       100%        3
 Teleport Other           Tloc           0%         N/A       100%        3
 Vampiric Draining        Necr           0%         2d6       100%        3
 Flame Wave               Conj/Fire      0%         2d4       100%        4
 Fulminant Prism          Conj/Hex       0%         3d6       100%        4
 Olgreb's Toxic Radiance  Pois           0%         N/A       100%        4
 Sticky Flame             Conj/Fire      0%         2d3       100%        4
 Blade Hands              Tmut           0%         N/A       100%        5
 Irradiate                Conj/Tmut      0%         3d11      100%        5
 Iron Shot                Conj/Erth      0%         9d1       100%        6
 Ozocubu's Refrigeration  Ice            0%         4d7       100%        7
 Ignition                 Fire           0%         3d3       100%        8
 Lehudib's Crystal Spear  Conj/Erth      0%         10d2      100%        8
 Call Imp                 Summ           Unusable   N/A       N/A         2
 Tukima's Dance           Hex            Unusable   N/A       N/A         3
 Animate Armour           Summ/Erth      Unusable   N/A       N/A         4

Dungeon Overview and Level Annotations

Branches:
Dungeon (15/15) Zot: 24224  Temple (1/1) D:5 Zot: 5948    Lair (5/5) D:11 Zot: 22459
 Shoals (4/4) Lair:2 Zot: 17764   Snake (4/4) Lair:2 Zot: 17337   Slime (0/5) Lair:4
    Orc (2/2) D:10 Zot: 10390     Elf (0/3) Orc:2        Vaults (2/5) D:14 Zot: 7456
 Depths (0/4) D:15          IceCv (visited)         Gauntlet (visited)
  Crypt: Vaults:2-3

Altars:
Ashenzari
Cheibriados
Dithmenos
Elyvilon
Fedhas
Gozag
Hepliaklqana
Kikubaaqudgha
Makhleb
Nemelex Xobeh
Okawaru
Qazlal
Ru
Sif Muna
Trog
Uskayaw
Vehumet
Wu Jian
Xom
Yredelemnul
Zin
The Shining One

Shops:
D:7 [![*   D:10 =   Orc:2 [=(!   Shoals:2 =   Snake:1 :   Snake:2 (*(
Snake:4 =   Vaults:2 :

Annotations:
Snake:2 3 runed translucent doors, Vashnia; croobank's ghost, journeyman FeSu


Innate Abilities, Weirdness & Mutations

You are immune to sickness and miasma.
Your stone body is resilient. (AC +14)
You are immune to poison.
Your large and strong wings let you fly.
You resist negative energy. (rN+)
You are resistant to electric shocks. (rElec)
You are resistant to unholy torment.
You are immune to petrification.


Message History

There is an open door, spattered with blood here.
A yaktaur captain comes into view.
It is wielding a +0 falchion of freezing.
The yaktaur captain shouts!
The yaktaur captain drinks a potion.
The yaktaur captain seems to speed up.
You throw a javelin.
The javelin pierces through the yaktaur captain!
The yaktaur captain is lightly wounded.
The yaktaur captain unwields a +0 falchion of freezing.
The yaktaur captain wields a +3 arbalest.
The yaktaur captain shoots a bolt.
The bolt hits you.
The yaktaur captain shoots a bolt.
The bolt closely misses you.
You hear a shout!
You throw a javelin.
The javelin pierces through the yaktaur captain.
The yaktaur captain is lightly wounded.
The yaktaur captain shoots a bolt. x2; The bolt closely misses you.
You hear a shout!
You throw a javelin.
The javelin pierces through the yaktaur captain!
The yaktaur captain is moderately wounded.
The yaktaur captain shoots a bolt.
The bolt hits you!
You throw a javelin.
The javelin pierces through the yaktaur captain!
The yaktaur captain is moderately wounded.
The yaktaur captain shoots a bolt.
The bolt closely misses you.
The yaktaur captain shoots a bolt.
The bolt hits you!!
You hear a shout!
You throw a javelin.
The javelin pierces through the yaktaur captain.
The yaktaur captain is lightly wounded.
The yaktaur captain shoots a bolt.
The bolt hits you!!
The yaktaur captain shoots a bolt.
The bolt hits you!
The yaktaur captain wields a +0 arbalest.
The yaktaur captain shoots a bolt.
The bolt hits you!!
* * * LOW HITPOINT WARNING * * *
You fade into invisibility!
The yaktaur captain shoots a bolt. x2; The bolt hits you!
* * * LOW HITPOINT WARNING * * *
The yaktaur captain shoots a bolt.
The bolt hits you!!
You die...

# ...>. #..........# #+##
......#..........# ...###
......#..........# ..##.#
......'..........+ ..'#.#
#####...[......#
#.#..###########'########
###..'......#......#
##)'......'......#
######......#...@..#
.....#......#......#
.....#......#......#
###..'.....[#.))...#
###..'.....c[...>..#
.##..'....([#......#
..p..########......#
.....# #.c.../# .##..#
####'###


You could see 2 yaktaur captains.

Vanquished Creatures
  Jorgrun (Snake:1)
  The ghost of quakins the Warrior, an adept TrTm of Okawaru (Shoals:3)
  Polyphemus (Shoals:4)
  Donald (Shoals:1)
  6 nagarajas
  5 vault wardens
  Louise (Snake:2)
  7 ironbound preservers
  2 entropy weavers
  4 ironbound thunderhulks
  Nessos (Lair:5)
  6 dire elephants
  A minotaur (Gauntlet)
  5 merfolk javelineers
  7 merfolk impalers
  Fannar (Lair:1)
  3 great orbs of eyes
  3 yaktaur captains (Vaults:1)
  2 boulder beetles
  Harold (Orc:1)
  A vault guard (Vaults:2)
  6 hydras
  6 merfolk avatars
  A salamander tyrant (Snake:4)
  5 anacondas
  2 rakshasas (D:15)
  Erica (D:8)
  5 ironbound frosthearts
  A death knight (D:15)
  A satyr (Shoals:4)
  17 naga warriors
  5 centaur warriors
  3 catoblepae
  7 two-headed ogres
  2 death yaks (Shoals:4)
  4 merfolk aquamancers
  A tengu warrior (D:14)
  Urug (Orc:2)
  13 naga sharpshooters
  Sonja (Lair:4)
  4 shock serpents
  A sixfirhy (Gauntlet)
  3 skeletal warriors
  2 salamander mystics (Snake:3)
  17 deep trolls
  3 naga ritualists
  16 sea snakes
  14 lindwurms
  4 ironbound convokers
  A necromancer (D:14)
  A phantasmal warrior (D:15)
  A wizard (Vaults:1)
  Pikel (D:6)
  29 harpies
  3 deep elf pyromancers
  3 orc knights
  9 mana vipers
  An orc sorcerer (Orc:2)
  A moth of wrath (Arena)
  15 fauns
  14 salamanders
  5 cyclopes
  16 ugly things
  21 manticores
  5 vault sentinels
  11 elephants
  27 black mambas
  8 merfolk sirens
  11 water nymphs
  14 naga magi
  4 gargoyles
  2 guardian serpents
  3 ice statues (IceCv)
  A torpor snail (Lair:5)
  A kobold demonologist (D:13)
  2 unseen horror zombies (D:8)
  2 unseen horrors
  2 efreet
  10 cane toads
  18 yaktaurs
  3 rime drakes
  3 ice devils
  A rime drake (shapeshifter) (D:15)
  Psyche (D:7)
  3 freezing wraiths
  5 komodo dragons
  29 merfolk
  5 trolls
  9 wind drakes
  14 polar bears
  3 hornets
  A troll (shapeshifter) (D:15)
  23 slime creatures
  5 raiju (Lair:5)
  10 blink frogs
  10 snapping turtles
  Sigmund (D:6)
  8 dream sheep
  A jumping spider (shapeshifter) (D:14)
  A vampire (D:14)
  28 yaks
  2 centaur simulacra
  2 shadows
  6 wyverns
  8 spriggans (Lair:2)
  4 water elementals
  A dire elephant simulacrum (IceCv)
  Grum (D:8)
  4 wraiths
  Eustachio (D:6)
  4 basilisks
  13 vampire mosquitoes
  A redback (Vaults:1)
  2 death yak simulacra (IceCv)
  7 wargs
  35 nagas
  15 water moccasins
  Edmund (D:6)
  2 harpy simulacra (IceCv)
  2 acid dragons
  Duvessa (D:5)
  10 hell hounds (Lair:5)
  2 large abominations (Gauntlet)
  A meliai simulacrum (D:11)
  40 orc warriors
  2 sky beasts
  4 small abominations (Gauntlet)
  17 black bears
  A hornet zombie (D:8)
  4 ice beasts
  6 ogres
  20 centaurs
  4 boggarts (Vaults:1)
  28 wolves
  Blork the orc (D:6)
  2 kobold brigands
  15 bullfrogs
  2 gnoll sergeants (D:7)
  3 scorpions (D:4)
  3 cane toad simulacra (IceCv)
  8 wights
  Dowan (D:5)
  An elephant simulacrum (IceCv)
  9 killer bees
  An electric eel (D:11)
  6 howler monkeys
  3 centaur zombies (D:8)
  5 orc priests
  6 hounds
  2 jellies
  A gnoll bouda (D:7)
  Jessica (D:2)
  6 hell rats (Lair:1)
  An iguana (D:5)
  13 orc wizards
  A killer bee zombie (D:8)
  4 howler monkey zombies (D:8)
  31 gnolls
  7 adders
  9 white imps
  5 ufetubi
  3 worms
  2 dart slugs
  52 orcs
  3 bats
  2 endoplasms
  5 giant cockroaches
  11 goblins
  8 hobgoblins
  A quokka (D:4)
  6 ball pythons
  7 frilled lizards
  16 kobolds
  3 rats
1129 creatures vanquished.

Vanquished Creatures (others)
  An ogre mage (Orc:2)
  An orc priest (Orc:2)
  A howler monkey simulacrum (D:11)
  An orc (Orc:2)
  24 fungi
  103 plants
131 creatures vanquished.

Grand Total: 1260 creatures vanquished

Notes
Turn   | Place    | Note
-------+----------+-------------------------------------------
     0 | D:1      | mortz the Gargoyle Monk began the quest for the Orb.
     0 | D:1      | Reached XP level 1. HP: 14/14 MP: 1/1
   137 | D:1      | Reached XP level 2. HP: 19/19 MP: 2/2
   288 | D:1      | Reached skill level 3 in Long Blades
   529 | D:1      | You fall into a shaft and drop 1 floor!
   534 | D:2      | Noticed Jessica
   565 | D:2      | Killed Jessica
   566 | D:2      | Reached XP level 3. HP: 22/24 MP: 3/3
   702 | D:2      | Reached XP level 4. HP: 29/29 MP: 4/4
  1164 | D:3      | Reached skill level 1 in Armour
  1565 | D:3      | Reached XP level 5. HP: 32/33 MP: 5/5
  1760 | D:3      | Reached skill level 1 in Throwing
  2098 | D:4      | Found a shadowy altar of Dithmenos.
  2206 | D:4      | Reached skill level 4 in Long Blades
  2206 | D:4      | Reached XP level 6. HP: 36/39 MP: 6/6
  2380 | D:4      | Found a bloodstained altar of Trog.
  2704 | D:4      | Reached XP level 7. HP: 44/44 MP: 7/7
  2803 | D:4      | Reached skill level 5 in Long Blades
  3172 | D:5      | Entered Level 5 of the Dungeon
  3319 | D:5      | Noticed Dowan
  3349 | D:5      | Killed Dowan
  3391 | D:5      | Noticed Duvessa
  3858 | D:5      | Reached skill level 5 in Fighting
  3858 | D:5      | Reached skill level 6 in Long Blades
  3858 | D:5      | Reached XP level 8. HP: 21/49 MP: 8/8
  3966 | D:5      | Killed Duvessa
  4233 | D:5      | Found a staircase to the Ecumenical Temple.
  4242 | Temple   | Entered the Ecumenical Temple
  4491 | D:5      | Found a stormy altar of Qazlal.
  4826 | D:6      | Noticed Eustachio
  4958 | D:6      | Reached skill level 7 in Long Blades
  5321 | D:6      | Noticed Sigmund
  5332 | D:6      | Killed Sigmund
  5333 | D:6      | Reached skill level 5 in Armour
  5333 | D:6      | Reached XP level 9. HP: 55/55 MP: 9/9
  5527 | D:6      | Noticed Pikel
  5530 | D:6      | Noticed Blork the orc
  5563 | D:6      | Killed Pikel
  5571 | D:6      | Killed Blork the orc
  5850 | D:6      | Found a shimmering blue altar of Sif Muna.
  5851 | D:6      | Found an ancient bone altar of Kikubaaqudgha.
  5852 | D:6      | Found a radiant altar of Vehumet.
  5857 | D:6      | Got Vehumet's Writings on Conjuration
  5921 | D:6      | Killed Eustachio
  6031 | D:6      | Noticed Edmund
  6050 | D:6      | Killed Edmund
  6051 | D:6      | Reached skill level 8 in Long Blades
  6297 | D:7      | Identified the +4 ring mail of Ennui {SInv}
  6827 | D:7      | Found Payxunom's Distillery.
  6829 | D:7      | Found Goaddaow's Antique Armour Boutique.
  6829 | D:7      | Found Ziul's Antique Armour Boutique.
  6832 | D:7      | Found Wic Dad's Jewellery Boutique.
  6835 | D:7      | Bought a potion of might for 60 gold pieces
  6879 | D:7      | Bought a glowing helmet for 112 gold pieces
  6884 | D:7      | Bought a pair of embroidered gloves for 112 gold pieces
  7201 | D:7      | Found Comosch's Assorted Antiques.
  7378 | D:7      | Found a hazy altar of Hepliaklqana.
  7468 | D:7      | Reached XP level 10. HP: 51/63 MP: 10/10
  7679 | D:8      | Reached skill level 9 in Long Blades
  7978 | D:8      | Identified a scroll of acquirement
  7999 | D:7      | Acquired 511 gold pieces
  8052 | D:7      | Bought a small malachite amulet for 155 gold pieces
  8084 | D:7      | Bought a runed scarf for 120 gold pieces
  8121 | D:7      | Bought a black potion for 27 gold pieces
  8121 | D:7      | Bought a scroll labelled JAWUGEDE FISAFFYO for 31 gold
                  | pieces
  8121 | D:7      | Bought a scroll labelled LESTRI GEYL for 31 gold pieces
  8130 | D:8      | Noticed Psyche
  8137 | D:7      | Killed Psyche
  8254 | D:8      | Found an iron altar of Okawaru.
  8262 | D:8      | Became a worshipper of Warmaster Okawaru
  8262 | D:8      | Reached * piety under Okawaru
  8262 | D:8      | Reached ** piety under Okawaru
  8311 | D:8      | Noticed Grum
  8564 | D:8      | Reached skill level 1 in Invocations
  8570 | D:8      | Reached skill level 10 in Long Blades
  8641 | D:8      | Reached *** piety under Okawaru
  8777 | D:8      | Killed Grum
  8778 | D:8      | Reached skill level 5 in Dodging
  9066 | D:8      | Reached XP level 11. HP: 68/68 MP: 13/13
  9094 | D:8      | Noticed Erica
  9109 | D:8      | Killed Erica
  9668 | D:9      | Reached **** piety under Okawaru
 10128 | D:9      | Reached skill level 11 in Long Blades
 10498 | D:9      | Found a basalt altar of Yredelemnul.
 10642 | D:10     | Entered Level 10 of the Dungeon
 10761 | D:10     | Received a gift from Okawaru
 10877 | D:10     | Noticed a two-headed ogre
 10884 | D:10     | Killed a two-headed ogre
 11041 | D:10     | Reached ***** piety under Okawaru
 11162 | D:10     | Found Cuci's Jewellery Shop.
 11198 | D:10     | Found a staircase to the Orcish Mines.
 11401 | D:11     | Noticed a boulder beetle
 11414 | D:11     | Killed a boulder beetle
 11465 | D:11     | Reached skill level 5 in Invocations
 11559 | D:11     | Noticed a two-headed ogre
 11567 | D:11     | Noticed a manticore
 11570 | D:11     | Killed a two-headed ogre
 11571 | D:11     | Reached skill level 12 in Long Blades
 11578 | D:11     | Killed a manticore
 11621 | D:11     | HP: 2/69 [centaur warrior simulacrum (27)]
 11628 | D:11     | Reached XP level 12. HP: 15/75 MP: 14/16
 11897 | D:11     | Received a gift from Okawaru
 12246 | D:11     | Found a staircase to the Lair.
 12271 | D:11     | Received a gift from Okawaru
 12341 | D:11     | Received a gift from Okawaru
 13045 | Lair:1   | Entered Level 1 of the Lair of Beasts
 13570 | Lair:1   | Noticed Fannar
 13580 | Lair:1   | Killed Fannar
 13580 | Lair:1   | Reached ****** piety under Okawaru
 13581 | Lair:1   | Reached skill level 13 in Long Blades
 13619 | Lair:1   | Identified the +1 crystal plate armour of Undesirable
                  | Species {Harm rPois Str+3 Int-3} (Okawaru gifted it to you
                  | on level 1 of the Lair of Beasts)
 13619 | Lair:1   | Received a gift from Okawaru
 13782 | Lair:1   | Noticed a seven-headed hydra
 13791 | Lair:1   | Killed a two-headed hydra
 14090 | Lair:2   | Found a staircase to the Snake Pit.
 14110 | Lair:2   | Noticed an eight-headed hydra
 14132 | Lair:2   | Killed a five-headed hydra
 14133 | Lair:2   | Reached skill level 10 in Fighting
 14133 | Lair:2   | Reached XP level 13. HP: 23/82 MP: 18/18
 14507 | Lair:2   | Found a staircase to the Shoals.
 14856 | Lair:2   | Reached skill level 14 in Long Blades
 15502 | Lair:2   | Identified the +5 kite shield of the Spheres {Harm rF+
                  | rCorr Int+4} (Okawaru gifted it to you on level 2 of the
                  | Lair of Beasts)
 15502 | Lair:2   | Received a gift from Okawaru
 15762 | Lair:3   | Found a gate leading to a gauntlet.
 15767 | Gauntlet | Entered a Gauntlet
 15767 | Gauntlet | Found a transporter.
 15767 | Gauntlet | Found a transporter.
 15785 | Gauntlet | Found a transporter.
 15785 | Gauntlet | Found a transporter.
 15789 | Gauntlet | Found a transporter.
 15789 | Gauntlet | Found a transporter.
 15815 | Gauntlet | Found a transporter.
 15819 | Gauntlet | Found a transporter.
 15825 | Gauntlet | Noticed a dire elephant
 15827 | Gauntlet | Found a transporter.
 15843 | Gauntlet | Found a transporter.
 15857 | Gauntlet | Found a transporter.
 15861 | Gauntlet | Found a transporter.
 16034 | Gauntlet | Identified the +0 helmet "Maig" {rCorr}
 16070 | Gauntlet | Identified the ring "Ponirhe" {Ice Will+ Int+4}
 16706 | Gauntlet | Noticed a minotaur
 16717 | Gauntlet | Killed a minotaur
 17363 | Lair:3   | Reached skill level 5 in Throwing
 18212 | Lair:4   | Reached skill level 5 in Stealth
 18525 | Lair:4   | Received a gift from Okawaru
 18670 | Lair:4   | Reached skill level 15 in Long Blades
 18683 | Lair:4   | Gained mutation: Your large and strong wings let you fly.
                  | [Gargoyle growth]
 18683 | Lair:4   | Reached XP level 14. HP: 79/88 MP: 20/20
 18684 | Lair:4   | Received a gift from Okawaru
 18868 | Lair:4   | Received a gift from Okawaru
 19137 | Lair:4   | Found a staircase to the Slime Pits.
 19315 | Lair:5   | Entered Level 5 of the Lair of Beasts
 19315 | Lair:5   | Noticed Sonja
 19331 | Lair:4   | Killed Sonja
 20000 | Lair:5   | Identified the +2 chain mail of Grace {Regen+ Str+7}
                  | (Okawaru gifted it to you on level 5 of the Lair of Beasts)
 20000 | Lair:5   | Received a gift from Okawaru
 20299 | Lair:5   | Noticed Nessos
 20314 | Lair:5   | Killed Nessos
 20602 | Lair:5   | Reached skill level 10 in Armour
 20754 | Lair:5   | Reached skill level 10 in Invocations
 21375 | D:12     | Reached skill level 16 in Long Blades
 21513 | D:12     | Identified the +1 scale mail of the Imp {Dex+3} (Okawaru
                  | gifted it to you on level 12 of the Dungeon)
 21513 | D:12     | Received a gift from Okawaru
 22094 | D:13     | Reached XP level 15. HP: 77/96 MP: 22/22
 22483 | D:13     | Found a frozen archway.
 22498 | IceCv    | Entered an ice cave
 23301 | D:14     | Found a gate to the Vaults.
 23729 | D:14     | Received a gift from Okawaru
 24188 | D:15     | Entered Level 15 of the Dungeon
 24318 | D:15     | Found an opulent altar of Gozag.
 25230 | D:15     | Received a gift from Okawaru
 25239 | D:15     | Found a staircase to the Depths.
 25419 | Orc:1    | Entered Level 1 of the Orcish Mines
 25715 | Orc:1    | Noticed Harold
 25723 | Orc:1    | Killed Harold
 25724 | Orc:1    | Reached skill level 17 in Long Blades
 26009 | Orc:2    | Entered Level 2 of the Orcish Mines
 26048 | Orc:2    | Found a staircase to the Elven Halls.
 26084 | Orc:2    | Noticed Urug
 26216 | Orc:2    | Killed Urug
 26219 | Orc:2    | Paralysed by an orc sorcerer for 3 turns
 26227 | Orc:2    | Reached XP level 16. HP: 97/104 MP: 24/24
 26410 | Orc:1    | Identified the +9 great sword "Xaigg" {vorpal, rElec rN+
                  | Will+ Str+4} (Okawaru gifted it to you on level 1 of the
                  | Orcish Mines)
 26410 | Orc:1    | Received a gift from Okawaru
 26507 | Orc:2    | Paralysed by something for 2 turns
 26972 | Orc:2    | Found Seocel's Weapon Emporium.
 26972 | Orc:2    | Found Eseid's Jewellery Boutique.
 26972 | Orc:2    | Found Enuych's Antique Armour Shop.
 26975 | Orc:2    | Found Urann's Distillery.
 26979 | Orc:2    | Bought a potion of cancellation for 120 gold pieces
 26979 | Orc:2    | Bought a potion of heal wounds for 75 gold pieces
 27233 | Snake:1  | Entered Level 1 of the Snake Pit
 27515 | Snake:1  | Found Naesig's Vocational Training.
 27739 | Snake:1  | Noticed Jorgrun
 27762 | Snake:1  | Killed Jorgrun
 27762 | Snake:1  | Received a gift from Okawaru
 27968 | Snake:1  | Acquired 965 gold pieces
 28446 | Snake:2  | Noticed Vashnia
 28446 | Snake:2  | Noticed Louise
 28699 | Snake:2  | Identified the +1 scale mail of Gugrenen {rElec rPois MP-9
                  | Slay+6} (Okawaru gifted it to you on level 2 of the Snake
                  | Pit)
 28699 | Snake:2  | Received a gift from Okawaru
 28828 | Snake:2  | Found a runed translucent gate.
 28828 | Snake:2  | Noticed croobank's ghost (journeyman FeSu)
 28829 | Snake:2  | Found a runed translucent gate.
 28830 | Snake:2  | Found a runed translucent gate.
 28924 | Snake:2  | Found a radiant altar of Vehumet.
 29112 | Snake:2  | Found Rowkovede's Weapon Emporium.
 29114 | Snake:2  | Found Mavvaiv's Assorted Antiques.
 29116 | Snake:2  | Found Hetex's Weapon Emporium.
 29122 | Snake:2  | Bought a potion of heal wounds for 205 gold pieces
 29124 | Snake:2  | Bought 6 boomerangs of dispersal for 117 gold pieces
 29163 | Snake:2  | Killed Louise
 29935 | Snake:3  | Found a sacrificial altar of Ru.
 29948 | Snake:3  | Reached skill level 15 in Fighting
 30440 | Snake:2  | Acquired a manual of Dodging
 30452 | Snake:3  | Reached XP level 17. HP: 113/113 MP: 26/26
 30633 | Snake:3  | Received a gift from Okawaru
 31505 | Snake:4  | Entered Level 4 of the Snake Pit
 31910 | Snake:4  | Found Eblibouc's Jewellery Boutique.
 32335 | Snake:4  | Received a gift from Okawaru
 33320 | Snake:4  | Reached skill level 18 in Long Blades
 33453 | Snake:4  | Received a gift from Okawaru
 33620 | Snake:4  | Got a serpentine rune of Zot
 33660 | Snake:4  | Identified the +11 great sword of Lohint {freeze, rN+
                  | Str+3} (Okawaru gifted it to you on level 4 of the Snake
                  | Pit)
 33660 | Snake:4  | Received a gift from Okawaru
 33920 | Shoals:1 | Entered Level 1 of the Shoals
 34552 | Shoals:1 | Identified the +8 chain mail "Atinumye" {Harm rElec rF-
                  | Dex+3}
 34646 | Shoals:1 | Received a gift from Okawaru
 34656 | Shoals:1 | Noticed Donald
 34667 | Shoals:1 | Killed Donald
 34797 | Shoals:1 | Identified the +2 robe of the Everdark {rF+ Will+ Str-4
                  | Int+5}
 35333 | Shoals:1 | Reached XP level 18. HP: 108/122 MP: 28/28
 36414 | Shoals:2 | Found Ypsaelig's Jewellery Boutique.
 36604 | Shoals:3 | Identified the +5 war axe of Profit {vamp, *Noise +Blink
                  | rN+++ Str+4 Dex-5}
 36622 | Shoals:3 | Received a gift from Okawaru
 36920 | Shoals:3 | Received a gift from Okawaru
 36988 | Shoals:3 | Found a transporter.
 37043 | Shoals:3 | Noticed quakins's ghost (adept TrTm)
 37586 | Shoals:3 | Reached skill level 1 in Evocations
 37641 | Shoals:3 | Found a transporter.
 38047 | Arena    | Entered the Arena
 38291 | Shoals:3 | Identified the +0 cloak of the Shining Light {Str+3 Int+4}
 38293 | Shoals:3 | Got Ladeorgh's Dissertation on Transforming Wicked Magic
 38296 | Shoals:3 | Identified the +2 pair of boots of the Wilderness {-Cast
                  | +Blink Str+4}
 38358 | Shoals:3 | Found a transporter.
 38406 | Shoals:3 | Killed quakins's ghost
 38461 | Shoals:4 | Entered Level 4 of the Shoals
 38617 | Shoals:4 | Received a gift from Okawaru
 38663 | Shoals:4 | Reached skill level 15 in Armour
 38680 | Shoals:4 | Identified the +6 triple sword of the Owl {vorpal, rPois
                  | rC+ Str+4} (Okawaru gifted it to you on level 4 of the
                  | Shoals)
 38680 | Shoals:4 | Received a gift from Okawaru
 39020 | Shoals:4 | Reached skill level 19 in Long Blades
 39113 | Shoals:4 | Got a barnacled rune of Zot
 39585 | Shoals:4 | Noticed Polyphemus
 39599 | Shoals:4 | Killed Polyphemus
 39879 | Shoals:4 | Identified the +5 quarterstaff of Rumeitz {vorpal, rC- MP+9
                  | Str+2 Dex+4}
 39907 | Shoals:4 | Identified the ring "Nejieref" {+Blink rPois rF- rN+ SInv}
 40290 | Shoals:4 | Got the Almanac of Maledictive Blasts
 41423 | Snake:1  | Bought a manual of Evocations for 1600 gold pieces
 41567 | Vaults:1 | Entered Level 1 of the Vaults
 41573 | D:14     | Reached XP level 19. HP: 121/128 MP: 29/29
 41579 | D:14     | Identified the +3 scale mail of the Demon Prince {rCorr}
                  | (Okawaru gifted it to you on level 14 of the Dungeon)
 41579 | D:14     | Received a gift from Okawaru
 44163 | Vaults:1 | Reached skill level 5 in Evocations
 44448 | Vaults:1 | Received a gift from Okawaru
 45180 | Vaults:2 | Received a gift from Okawaru
 45254 | Vaults:2 | Found Fucaris's Book Shop.
 45293 | Vaults:2 | Reached skill level 20 in Long Blades
 45967 | Vaults:2 | HP: 1/130 [yaktaur/bolt[a yaktaur captain] (13)]
 46453 | Vaults:2 | Bought a manual of Dodging for 1120 gold pieces
 46588 | Vaults:2 | Identified the +1 leather armour "Wiar" {Rampage Str-5
                  | Dex+4}
 46957 | Vaults:1 | Received a gift from Okawaru
 47194 | Vaults:2 | Identified the +6 leather armour of the Noxious God {rElec
                  | rF+ Stlth+}
 47263 | Vaults:2 | HP: 4/131 [yaktaur captain/bolt (8)]
 47263 | Vaults:2 | Shot with a bolt by a yaktaur captain

Illustrated notes

Levels and vault maps discovered:
D:1:      pf_arrival_petrified_forest, layout_basic,
          dreamdust_ecumenical_altar_sealed_demon, hangedman_feature_mirror
D:2:      layout_rooms, minmay_goblin_kobold_house, uniq_jessica
D:3:      layout_loops_cross, cheibrodos_gnoll_hut
D:4:      layout_basic, grunt_temple_overflow_open
D:5:      layout_loops_ring, lemuel_round_altar, minmay_temple_entry_glass,
          minmay_misc_feat_room, kennysheep_nub, uniq_duvessa
D:6:      layout_rooms, grunt_temple_overflow_magic_moments, uniq_pikel,
          uniq_eustachio, uniq_sigmund, uniq_blork_the_orc, uniq_edmund
D:7:      layout_rooms, kennysheep_little_box, serial_shops,
          nicolae_shop_temple_entry_statues_fountains, minmay_shop_grid_forest
D:8:      layout_basic, okawaru_metal_pillars_1_2, serial_undead,
          serial_undead_c, serial_undead_c, serial_undead_e, serial_undead_d,
          serial_undead_d, serial_undead_d, serial_undead_a, serial_undead_c,
          serial_undead_e, serial_undead_d, uniq_psyche, uniq_grum, uniq_erica
D:9:      layout_basic, kennysheep_mini_moat
D:10:     layout_cave_pools, orc_0_dummy, serial_shops,
          nicolae_shop_statue_plus, grunt_ministairs_14
D:11:     layout_irregular_city, lair_entry_dummy, serial_ice, serial_ice_n,
          serial_ice_j, serial_ice_o, serial_ice_e, serial_ice_m, serial_ice_d,
          serial_ice_a, serial_ice_g, serial_ice_h, serial_ice_c, st_stairs_13
D:12:     layout_roguey, corexii_checkpoint_a
D:13:     layout_roguey, portal_ice_cave_demonic_guard
D:14:     layout_gridville, david_vaults_1, hangedman_decor_riveting
D:15:     gammafunk_enter_depths_forms, layout_basic, grunt_gozag_statues
Temple:   cyrus_circular_temple
Lair:1:   layout_chaotic_city, chequers_serial_rivers_micro_e, uniq_fannar
Lair:2:   kb_forest_paths, layout_chaotic_city,
          minmay_shoals_entry_lonely_mermaid, dummy_snake_entry
Lair:3:   layout_cave_pods, gauntlet_entry_generic, nzn_sisyphean_effort
Lair:4:   layout_misc_corridors, dpeg_slime_entry_corner,
          chequers_serial_rivers_room_b, minmay_holes,
          infiniplex_staircase_pool_2
Lair:5:   hangedman_lair_caniforms_friends, layout_regular_city, uniq_sonja,
          uniq_nessos
Shoals:1: layout_shoals, uniq_donald
Shoals:2: layout_shoals, serial_shops, nicolae_shop_window_shopping
Shoals:3: layout_shoals, gammafunk_ghost_berserking_beasts
Shoals:4: shoals_end_hangedman, layout_shoals, uniq_polyphemus
Snake:1:  layout_rooms, hangedman_snake_pattern, st_stairs_3,
          nrook_loot_triangle, nicolae_shop_vocational, uniq_jorgrun
Snake:2:  layout_cave_pods, gammafunk_ghost_split, basic_altar, st_stairs_14,
          serial_bayou_shore_b, minmay_shop_star, uniq_vashnia, uniq_louise
Snake:3:  layout_chambers, special_room, basic_altar,
          nicolae_snake_gridmaze_waves, grunt_ministairs_9, lemuel_fruit_tree
Snake:4:  snake_pit, layout_layer_cave, serial_shops, shop, grunt_megastairs_3
Orc:1:    layout_caves, uniq_harold
Orc:2:    st_orc_rangers, layout_diamond_mine, uniq_urug
Vaults:1: v_alt_pattern_5, nicolae_vaults_asterisk, v_misc_15, v_misc_4,
          nicolae_vaults_little_squares_4, vaults_dpeg_encased_lava,
          nicolae_vaults_theta, layout_vaults_quadrants
Vaults:2: ontoclasm_vaults_shuriken, st_eye, v_misc_4, v_misc_3,
          ontoclasm_vaults_ring_square, vaults_dpeg_spiral, v_misc_17,
          hangedman_vaults_capsules, v_misc_4, nicolae_vaults_circle_grid_a,
          nicolae_vaults_little_squares_5, nicolae_vaults_little_squares_4,
          layout_vaults_maze_bifur, serial_shops, nicolae_shop_statue_plus

Skill      XL: |  1  2  3  4  5  6  7  8  9 10 11 12 13 14 15 16 17 18 19 |
---------------+----------------------------------------------------------+-----
Long Blades    | 3 4 6 7 8 10 12 13 15 16 17 18 19 20 | 20.1
Fighting       | 4 5 7 8 10 12 13 15 16 17 18 | 18.4
Armour         | 1 3 5 6 7 8 9 10 11 13 14 15 | 15.9
Throwing       | 2 3 4 5 |  5.0
Dodging        | 3 4 5 6 7 8 |  8.5
Stealth        | 3 4 5 |  5.4
Invocations    | 2 5 7 9 10 11 12 13 14 | 14.3
Evocations     | 1 6 |  6.9
Shields        | |  0.7

Action                   |  1- 3 |  4- 6 |  7- 9 | 10-12 | 13-15 | 16-18 | 19-21 || total
-------------------------+-------+-------+-------+-------+-------+-------+-------++-------
Melee: Falchion          |    78 |   199 |   364 |    10 |       |       |       ||   651
       Punch             |       |     1 |     3 |       |    14 |    16 |       ||    34
       Hand axe          |       |       |     3 |       |       |       |       ||     3
       Great sword       |       |       |       |   469 |   371 |   308 |   385 ||  1533
       Scimitar          |       |       |       |     9 |    25 |       |       ||    34
       Double sword      |       |       |       |       |   827 |  1285 |       ||  2112
Throw: Dart              |     8 |    12 |    37 |    23 |    30 |    20 |    19 ||   149
       Boomerang         |       |       |       |    23 |   246 |   261 |    11 ||   541
       Javelin           |       |       |       |       |       |     2 |    22 ||    24
Invok: Finesse           |       |       |       |       |     5 |     2 |     3 ||    10
       Duel              |       |       |       |       |       |     1 |       ||     1
Evoke: Wand              |       |       |     1 |       |     4 |     3 |       ||     8
  Use: Scroll            |       |    10 |    10 |    11 |     5 |     8 |     3 ||    47
       Potion            |       |       |     3 |     3 |       |     2 |     2 ||    10
 Stab: Sleeping          |     1 |       |     1 |     7 |       |       |       ||     9
       Distracted        |       |       |       |     2 |       |     1 |       ||     3
       Petrified         |       |       |       |       |     3 |       |       ||     3
       Petrifying        |       |       |       |       |     1 |       |       ||     1
       Invisible         |       |       |       |       |     1 |       |       ||     1
Armor: Robe              |     4 |       |       |       |       |       |       ||     4
       Chain mail        |    38 |   150 |   405 |       |   511 |  1320 |       ||  2424
       Ring mail         |    10 |       |    64 |   288 |       |       |       ||   362
       Plate armour      |       |       |       |    77 |   340 |     3 |   348 ||   768
Dodge: Dodged            |    32 |    84 |   249 |   380 |   432 |  1045 |   253 ||  2475
       Repelled          |       |       |       |     6 |       |       |       ||     6
Block: Kite shield       |       |       |     5 |    10 |       |       |       ||    15
